 Dungeon Crawl Stone Soup version 0.20-a0-539-g174d061 (webtiles) character file.

8069 Devintownsend the Cleaver (level 11, -7/99 HPs)
             Began as a Minotaur Fighter on Jan 29, 2017.
             Was a High Priest of Okawaru.
             Mangled by a catoblepas (12 damage)
             ... on level 2 of the Lair of Beasts.
             The game lasted 00:39:52 (9682 turns).

Devintownsend the Cleaver (Minotaur Fighter)        Turns: 9682, Time: 00:39:53

Health: -7/99      AC: 14    Str: 24    XL:     11   Next: 5%
Magic:  10/10      EV:  2    Int:  5    God:    Okawaru [*****.]
Gold:   468        SH:  0    Dex: 10    Spells: 10/10 levels left

rFire    . . .     SeeInvis .   a - +0 war axe
rCold    . . .     Gourm    .   v - +2 ring mail {rPois}
rNeg     + + +     Faith    .   c - +0 shield
rPois    ∞         Spirit   .   (helmet restricted)
rElec    .         Reflect  .   h - +2 cloak
rCorr    .         Harm     .   B - +0 pair of gloves
MR       .....                  (no boots)
Stlth    +.........             (no amulet)
Regen    0.3/turn               G - ring of poison resistance
                                H - +2 ring of slaying

@: petrified
A: retaliatory headbutt, horns 2, evolution 1
a: Heroism, Finesse, Renounce Religion


You were on level 2 of the Lair of Beasts.
You worshipped Okawaru.
Okawaru was extremely pleased with you.
You were very hungry.

You visited 3 branches of the dungeon, and saw 12 of its levels.

You collected 516 gold pieces.
You spent 48 gold pieces at shops.

Inventory:

Hand Weapons
 a - a +0 war axe (weapon)
Armour
 c - a +0 shield (worn)
 h - a +2 cloak (worn)
 v - a +2 ring mail of poison resistance (worn)
 B - a +0 pair of gloves (worn)
Magical Staves
 K - an uncursed staff of conjuration {unknown}
Jewellery
 i - a +5 ring of evasion
 G - a ring of poison resistance (right hand)
 H - a +2 ring of slaying (left hand)
Wands
 b - a wand of lightning (7/15)
 q - a wand of disintegration (19/24)
 C - a wand of flame (23/48)
Scrolls
 j - 5 scrolls of teleportation
 s - 2 scrolls of recharging
 x - 5 scrolls of identify
 A - 3 scrolls of blinking
 M - a scroll of enchant armour
 O - a scroll of remove curse
Potions
 d - 2 potions of might
 e - a potion of flight
 n - 10 potions of curing
 o - a potion of cure mutation
 u - a potion of lignification
 z - 2 potions of haste
 D - a potion of degeneration
 E - a potion of brilliance
Comestibles
 f - 6 bread rations
 m - 8 royal jellies
 t - a meat ration
 w - 6 fruits


   Skills:
 + Level 9.8 Fighting
 + Level 14.8 Axes
 + Level 9.9 Armour
 - Level 1.0 Dodging
 - Level 1.5 Stealth
 - Level 4.1 Shields


You had 10 spell levels left.
You didn't know any spells.

Dungeon Overview and Level Annotations

Branches:
Dungeon (9/15)             Temple (1/1) D:6            Lair (2/6) D:9
    Orc (0/2) D:9
  Swamp: Lair:2-4    Shoals: Lair:2-4     Snake: Lair:2-4    Spider: Lair:2-4

Altars:
Ashenzari
Cheibriados
Dithmenos
Elyvilon
Fedhas
Gozag
Hepliaklqana
Kikubaaqudgha
Makhleb
Nemelex Xobeh
Okawaru
Qazlal
Ru
Sif Muna
Trog
Uskayaw
Vehumet
Xom
Yredelemnul
Zin
The Shining One

Shops:
D:5 %   D:7 !   D:8 %


Innate Abilities, Weirdness & Mutations

You reflexively headbutt those who attack you in melee.
You have a pair of horns on your head.
You evolve.


Message History

You are engulfed in calcifying dust.
You are slowing down.
The fungus is engulfed in calcifying dust.
The hippogriff is engulfed in calcifying dust.
The hippogriff stops moving altogether!
The fungus is engulfed in calcifying dust.
The fungus turns to stone!
Your limbs are stiffening.
You feel much better.
The fungus is engulfed in calcifying dust.
You have turned to stone.
The catoblepas gores you!
* * * LOW HITPOINT WARNING * * *
The catoblepas gores you!!
* * * LOW HITPOINT WARNING * * *
The catoblepas gores you!
* * * LOW HITPOINT WARNING * * *
The catoblepas gores you!
* * * LOW HITPOINT WARNING * * *
The catoblepas gores you!!
You die...

##.....## #
##......# #.......#
#......## ##.....#
#P.....## ##......##
.. ##.....#.# ###
...
#....@.#.####..##...
##....Y.............
#..................
#P...P#P......P.....
#P............#....#
##..#....H....#....#
#..................#
##..#.......[......#
##............+....#


You could see a catoblepas and a hippogriff (petrified).

Vanquished Creatures
  Pikel (D:8)
  A spiny frog (Lair:1)
  A rime drake (Lair:1)
  The ghost of Geoffrax the Insei, a novice OpGl (D:5)
  3 hippogriffs
  5 yaks
  Eustachio (D:6)
  Menkaure (D:7)
  4 wargs (D:9)
  Duvessa (D:7)
  4 porcupines
  A water moccasin (D:9)
  An orc warrior (D:7)
  A hornet zombie (D:9)
  A slave (D:8)
  An eye of draining (D:9)
  2 ice beasts (D:5)
  9 ogres
  3 sky beasts
  A phantom (D:8)
  2 centaurs
  2 crocodiles
  10 bullfrogs
  Dowan (D:7)
  A water moccasin skeleton (D:6)
  5 scorpions
  4 wights (D:8)
  2 howler monkeys
  2 crimson imps
  A bullfrog zombie (D:7)
  A centaur zombie (D:7)
  4 orc priests
  2 hounds
  7 orc wizards
  6 worker ants
  4 iguanas
  A hound zombie (D:8)
  A worker ant zombie (D:5)
  A howler monkey skeleton (D:3)
  10 gnolls
  14 adders
  3 shadow imps
  2 oozes
  An adder skeleton (D:9)
  5 worms
  6 leopard geckos
  28 orcs
  A ball python (D:2)
  3 bats
  2 giant cockroaches (D:2)
  8 goblins
  8 hobgoblins
  5 jackals (D:4)
  10 kobolds
  3 quokkas
  15 frilled lizards
  2 jackal skeletons
  A quokka zombie (D:7)
  5 rats
  A fungus (Lair:1)
233 creatures vanquished.

Notes
Turn   | Place    | Note
-------+----------+-------------------------------------------
     0 | D:1      | Devintownsend the Minotaur Fighter began the quest for the Orb.
     0 | D:1      | Reached XP level 1. HP: 19/19 MP: 0/0
    60 | D:1      | Reached XP level 2. HP: 19/27 MP: 1/1
   682 | D:1      | Reached skill level 3 in Axes
   721 | D:2      | Reached XP level 3. HP: 31/33 MP: 2/2
   996 | D:2      | Reached skill level 1 in Dodging
  1272 | D:2      | Reached XP level 4. HP: 41/41 MP: 3/3
  1762 | D:3      | Found a faded altar of an unknown god.
  1764 | D:3      | Reached skill level 4 in Axes
  1828 | D:3      | Reached XP level 5. HP: 31/47 MP: 4/4
  1976 | D:3      | Noticed an ogre
  1985 | D:3      | Killed an ogre
  1985 | D:3      | Reached skill level 5 in Fighting
  1985 | D:3      | Reached skill level 5 in Axes
  2381 | D:3      | Reached XP level 6. HP: 56/56 MP: 5/5
  2974 | D:4      | Reached skill level 6 in Axes
  3043 | D:4      | Found a bloodstained altar of Trog.
  3065 | D:4      | Reached skill level 5 in Armour
  3185 | D:4      | Reached XP level 7. HP: 47/62 MP: 6/6
  3278 | D:4      | Reached skill level 7 in Axes
  4014 | D:5      | Entered Level 5 of the Dungeon
  4246 | D:5      | Reached skill level 1 in Stealth
  4278 | D:5      | Reached skill level 8 in Axes
  4280 | D:5      | Found Dyr Imy's Food Emporium.
  4485 | D:5      | Noticed Geoffrax's ghost (novice OpGl)
  4508 | D:5      | Killed Geoffrax's ghost
  4508 | D:5      | Reached skill level 9 in Axes
  4508 | D:5      | Reached XP level 8. HP: 18/71 MP: 7/7
  5156 | D:6      | Noticed Eustachio
  5170 | D:6      | Killed Eustachio
  5236 | D:6      | Reached skill level 10 in Axes
  5275 | D:6      | Noticed a hippogriff
  5290 | D:6      | Killed a hippogriff
  5290 | D:6      | Reached XP level 9. HP: 48/79 MP: 8/8
  5299 | D:6      | Found a staircase to the Ecumenical Temple.
  5403 | Temple   | Entered the Ecumenical Temple
  5497 | Temple   | Became a worshipper of Warmaster Okawaru
  5689 | D:6      | Gained mutation: You are partially covered in molten scales. (AC +2) [potion of mutation]
  5689 | D:6      | Gained mutation: Your mind is acute. (Int +2) [potion of mutation]
  5689 | D:6      | Gained mutation: You evolve. [potion of mutation]
  6164 | D:7      | Reached skill level 11 in Axes
  6287 | D:7      | Reached * piety under Okawaru
  6324 | D:7      | Noticed Menkaure
  6327 | D:7      | Noticed Duvessa
  6337 | D:7      | Killed Menkaure
  6340 | D:7      | Noticed Dowan
  6343 | D:7      | Killed Duvessa
  6344 | D:7      | Killed Dowan
  6380 | D:7      | Found Icassay's Distillery.
  6384 | D:7      | Bought a potion of degeneration for 12 gold pieces
  6384 | D:7      | Bought a potion of curing for 36 gold pieces
  6458 | D:7      | Reached skill level 12 in Axes
  6523 | D:7      | Found a snail-covered altar of Cheibriados.
  6957 | D:8      | Found Vulewe's Food Shop.
  6975 | D:8      | Reached ** piety under Okawaru
  7048 | D:8      | Found a stormy altar of Qazlal.
  7139 | D:8      | Found a shimmering altar of Xom.
  7336 | D:8      | Noticed Pikel
  7348 | D:8      | Killed Pikel
  7348 | D:8      | Reached skill level 13 in Axes
  7348 | D:8      | Reached XP level 10. HP: 87/90 MP: 9/9
  7449 | D:9      | Reached *** piety under Okawaru
  7468 | D:9      | Found a staircase to the Lair.
  7863 | D:9      | Found a staircase to the Orcish Mines.
  7953 | D:9      | Reached **** piety under Okawaru
  7953 | D:9      | Reached skill level 14 in Axes
  8267 | D:9      | Found a shadowy altar of Dithmenos.
  8267 | D:9      | Found a blossoming altar of Fedhas.
  8429 | Lair:1   | Entered Level 1 of the Lair of Beasts
  8830 | Lair:1   | Noticed a spiny frog
  8843 | Lair:1   | Killed a spiny frog
  9314 | Lair:1   | Reached XP level 11. HP: 91/99 MP: 10/10
  9428 | Lair:1   | Gained mutation: You have sharp fingernails. [potion of beneficial mutation]
  9429 | Lair:1   | Lost mutation: You are partially covered in molten scales. (AC +2) [potion of cure mutation]
  9429 | Lair:1   | Lost mutation: Your mind is acute. (Int +2) [potion of cure mutation]
  9429 | Lair:1   | Lost mutation: You have sharp fingernails. [potion of cure mutation]
  9596 | Lair:2   | Reached ***** piety under Okawaru
  9598 | Lair:2   | Noticed a catoblepas
  9682 | Lair:2   | Mangled by a catoblepas

Vault maps used:
D:1:      lightli_arrival_lavapool, minmay_lizard_pond
D:2:      corexii_corridor_pit
D:3:      chequers_ecumenical_altar_simple_redux
D:4:      first_bread, trog_book
D:5:      serial_shops, shop_fountains
D:6:      minmay_temple_entry_statues_fountains, uniq_eustachio
D:7:      basic_altar, serial_shops, shop, uniq_duvessa, uniq_menkaure
D:8:      marbit_many_paths, serial_shops, shop, basic_altar, uniq_pikel
D:9:      gammafunk_temple_overflow_pools, lair_entry_dummy,
          minmay_orc_entry_guard_dogs
Temple:   regret_index_temple_mists
Lair:2:   pond

Skill      XL: |  1  2  3  4  5  6  7  8  9 10 |
---------------+-------------------------------+-----
Shields        | 4 |  4.1
Fighting       | 4 5 6 7 8 9 |  9.8
Axes           | 3 4 5 6 9 10 13 14 | 14.8
Dodging        | 1 |  1.0
Armour         | 4 5 6 7 8 9 |  9.9
Stealth        | 1 |  1.5

Action                   |  1- 3 |  4- 6 |  7- 9 | 10-12 || total
-------------------------+-------+-------+-------+-------++-------
Melee: War axe           |   137 |   151 |   268 |   215 ||   771
       Headbutt          |    13 |    22 |    60 |    38 ||   133
  Use: Scroll            |       |     4 |     7 |     3 ||    14
       Potion            |       |       |     5 |     6 ||    11
 Stab: Petrified         |       |       |       |     1 ||     1
  Eat: Chunk             |     1 |     2 |     8 |     7 ||    18
       Meat ration       |       |     1 |       |       ||     1
       Bread ration      |       |       |     1 |       ||     1
Armor: Scale mail        |    63 |    67 |    31 |       ||   161
       Ring mail         |       |       |    54 |    15 ||    69
       Chain mail        |       |       |     8 |    70 ||    78
Dodge: Dodged            |    22 |    57 |    73 |    42 ||   194
Block: Shield            |    64 |    97 |   106 |    81 ||   348
